 Dungeon Crawl Stone Soup version 0.27-a0-1312-g5cdb2b3542 (webtiles) character file.

Game seed: 12091719061597765578

242 Conn the Firebug (level 6, 0/38 HPs)
             Began as an Octopode Fire Elementalist on June 19, 2021.
             Slain by Menkaure (20 damage)
             ... on level 4 of the Dungeon.
             The game lasted 00:10:13 (4893 turns).

Conn the Firebug (Octopode Fire Elementalist)       Turns: 4893, Time: 00:10:18

Health: 0/38       AC:  1    Str:  7    XL:     6   Next: 9%
Magic:  9/10       EV: 13    Int: 20    God:
Gold:   137        SH:  0    Dex: 12    Spells: 4/11 levels left

rFire    . . .     SeeInvis .   p - +4 short sword
rCold    . . .     Faith    .   (no shield)
rNeg     . . .     Spirit   .   (helmet restricted)
rPois    .         Reflect  .   (no amulet)
rElec    .         Harm     .   (no ring)
rCorr    .         Rampage  .   (no ring)
Will     .....                  (no ring)
Stlth    +++.......             (no ring)
HPRegen  0.12/turn              (no ring)
MPRegen  0.12/turn              (no ring)
                                (no ring)
                                (no ring)

@: no status effects
A: almost no armour, amphibious, 8 rings, camouflage 1, gelatinous body 1,
(nimble swimmer 1), tentacles
a: no special abilities


You were on level 4 of the Dungeon.
You visited 1 branch of the dungeon, and saw 4 of its levels.

You collected 192 gold pieces.
You spent 55 gold pieces at shops.

Inventory:

Hand Weapons
 a - a +0 dagger
 j - a +0 short sword
 p - a +4 short sword (weapon)
Missiles
 h - 28 poisoned darts
Magical Staves
 d - a staff of poison
Scrolls
 e - a scroll of fear
 g - 2 scrolls of identify
Potions
 b - 2 potions of heal wounds
 c - a potion of attraction
 l - a potion of curing


   Skills:
 + Level 1.0 Fighting
 + Level 0.4 Short Blades
 + Level 2.4 Dodging
 + Level 3.6 Stealth
 + Level 3.2 Spellcasting
 + Level 2.6 Conjurations
 + Level 4.4 Fire Magic


You had 4 spell levels left.
You knew the following spells:

 Your Spells              Type           Power      Damage    Failure   Level
a - Foxfire               Conj/Fire      68%        2x1d7     3%          1
b - Conjure Flame         Conj/Fire      17%        6-21      10%         3
c - Inner Flame           Hex/Fire       12%        N/A       17%         3

Your spell library contained the following spells:

 Spells                   Type           Power      Damage    Failure   Level
 Sticky Flame             Conj/Fire      17%        2d4       32%         4
 Confusing Touch          Hex            3%         N/A       38%         3
 Gell's Gravitas          Tloc           1%         N/A       38%         3
 Petrify                  Tmut/Erth      3%         N/A       80%         4
 Fireball                 Conj/Fire      8%         3d6       65%         5
 Metabolic Englaciation   Hex/Ice        1%         N/A       98%         5
 Yara's Violent Unravell  Hex/Tmut       1%         3d3       98%         5


Dungeon Overview and Level Annotations

Branches:
Dungeon (4/15)
 Temple: D:4-7

Altars:

Shops:
D:3 !

Annotations:
D:4 Menkaure


Innate Abilities, Weirdness & Mutations

You cannot wear most types of armour.
You are amphibious.
You can wear up to eight rings at the same time.
Your skin changes colour to match your surroundings (Stealth+).
Your rubbery body absorbs attacks. (AC +1, EV +1)
((You are camouflaged near water. (Stealth+)))
You have tentacles for arms and can constrict up to eight enemies at once.


Message History

Confirm with . or Enter, or press ? or * to list all spells.
You conjure some foxfire!
Your foxfire dissipates! x2
Unknown command.
Casting: Foxfire (safe; 3% risk of failure)
Confirm with . or Enter, or press ? or * to list all spells.
Okay, then.
The foxfire hits Menkaure.
Menkaure is burned terribly!
Menkaure is moderately damaged.
Your foxfire dissipates!
You are confused.
You feel invigorated.
You're too confused to move!
Menkaure closely misses you.
Okay, then.
Menkaure calls on the powers of darkness!
Your body is wracked with pain!
Menkaure gestures at you while chanting.
Pain shoots through your body!
* * * LOW HITPOINT WARNING * * *
You feel much better.
Okay, then.
Unknown command.
You bump into the rock wall.
You feel less invigorated.
You feel less confused. Menkaure closely misses you.
Casting: Foxfire (safe; 3% risk of failure)
Confirm with . or Enter, or press ? or * to list all spells.
Okay, then.
Casting: Foxfire (safe; 3% risk of failure)
Confirm with . or Enter, or press ? or * to list all spells.
You conjure some foxfire!
Menkaure calls on the powers of darkness!
Your body is wracked with pain!
The foxfire hits Menkaure.
Menkaure is burned terribly!
Menkaure is heavily damaged.
The foxfire hits Menkaure.
Menkaure is burned terribly!
Menkaure is severely damaged.
Menkaure hits you!!
Ouch! That really hurt!
You die...

. #....#...#....#...... ..
#....#..<#....#......
...#+##....#..###'###......
...........#..#...........#
..(........#..#...........+
.......§...#..'...........#
......)§§..#..#...........#
...........#'##......######
####+##..M@§.........#
+..............#
#..............+
#..............#
#######+######..


You could see Menkaure.

Vanquished Creatures
  A hound (D:3)
  Natasha (thrice) (D:2)
  Terence (D:2)
  A hound skeleton (D:4)
  3 adders (D:3)
  A worm (D:2)
  A dart slug (D:3)
  4 orcs
  A ball python (D:2)
  6 endoplasms
  2 giant cockroaches (D:3)
  6 goblins
  7 hobgoblins
  4 jackals (D:2)
  6 kobolds
  4 quokkas
  5 bats
  4 frilled lizards
  3 rats
63 creatures vanquished.

Vanquished Creatures (others)
  An adder (D:3)
  A ball python (D:3)
  220 foxfires
  A plant (D:1)
223 creatures vanquished.

Grand Total: 286 creatures vanquished

Notes
Turn   | Place    | Note
-------+----------+-------------------------------------------
     0 | D:1      | Conn the Octopode Fire Elementalist began the quest for the
                  | Orb.
     0 | D:1      | Reached XP level 1. HP: 11/11 MP: 3/3
   130 | D:1      | Found a faded altar of an unknown god.
   499 | D:1      | Reached XP level 2. HP: 17/17 MP: 3/5
  1305 | D:2      | Reached XP level 3. HP: 21/21 MP: 0/6
  1458 | D:2      | Noticed Terence
  1584 | D:2      | Noticed Natasha
  1749 | D:2      | Killed Natasha
  1750 | D:2      | Reached XP level 4. HP: 8/27 MP: 3/7
  2651 | D:2      | Learned a level 3 spell: Conjure Flame
  2655 | D:2      | Learned a level 3 spell: Inner Flame
  2674 | D:2      | Noticed Natasha
  2687 | D:2      | Killed Natasha
  2688 | D:2      | Reached skill level 4 in Fire Magic
  2970 | D:2      | Noticed Natasha
  2978 | D:2      | Killed Natasha
  2979 | D:2      | Reached XP level 5. HP: 20/31 MP: 4/9
  3100 | D:2      | Killed Terence
  3532 | D:3      | Reached skill level 1 in Fighting
  4236 | D:3      | Found Demoosel's Distillery.
  4248 | D:3      | Bought a potion of heal wounds for 55 gold pieces
  4335 | D:3      | Reached XP level 6. HP: 35/38 MP: 10/10
  4872 | D:4      | Noticed Menkaure
  4893 | D:4      | Slain by Menkaure

Illustrated notes

Levels and vault maps discovered:
D:1:      lightli_arrival_flooded_house, layout_basic,
          ebering_ecumenical_altar_box
D:2:      layout_rooms, uniq_natasha, uniq_terence
D:3:      wad_crossroads, layout_basic, serial_shops, shop,
          kennysheep_cluttered_room, lemuel_old_faithful
D:4:      layout_gridville, ashenzari_conservatory_becter, temple_doors_e,
          serial_shops, nicolae_diamond_shop, cheibrodos_sewer_entry_bend,
          small_statue_intersection, uniq_pikel, uniq_menkaure, uniq_duvessa

Skill      XL: |  1  2  3  4  5 |
---------------+----------------+-----
Stealth        | 3 |  3.6
Fire Magic     | 4 |  4.4
Conjurations   | 2 |  2.6
Spellcasting   | 3 |  3.2
Fighting       | 1 |  1.0
Short Blades   | |  0.4
Dodging        | |  2.4

Action                   |  1- 3 |  4- 6 || total
-------------------------+-------+-------++-------
Melee: Unarmed           |     6 |       ||     6
       Constrict         |     6 |     7 ||    13
       Tentacles         |     2 |     4 ||     6
       Dagger            |     3 |       ||     3
       Short sword       |     2 |    32 ||    34
 Cast: Foxfire           |    53 |    77 ||   130
       Conjure Flame     |       |     2 ||     2
  Use: Scroll            |       |    11 ||    11
       Potion            |       |     2 ||     2
 Stab: Sleeping          |     1 |     5 ||     6
Armor: Skin              |     4 |     3 ||     7
Dodge: Dodged            |    20 |    36 ||    56

Table legend: (Time is in decaauts)
 A = Elapsed time spent in this place.
 B = Non-inter-level travel time spent in this place.
 C = Inter-level travel time spent in this place.
 D = Time resting spent in this place.
 E = Time spent auto-exploring this place.
 F = Levels seen in this place.
 G = Mean time per level.
                   A        B        C        D        E       F      G
               +--------+--------+--------+--------+--------+-----+--------+
         Total |   4912 |   4809 |    103 |   1057 |   2482 |   4 | 1228.0 |
       Dungeon |   4912 |   4809 |    103 |   1057 |   2482 |   4 | 1228.0 |
               +--------+--------+--------+--------+--------+-----+--------+

Top non-repeatable levels by time:
     D:1: 2076 daAuts
     D:3: 1274 daAuts
     D:2: 1233 daAuts
     D:4: 327 daAuts
